 Dungeon Crawl Stone Soup version 0.23-a0-309-ge7838e6 (webtiles) character file.

60 galech the Shield-Bearer (level 3, 0/29 HPs)
             Began as a Demonspawn Fighter on Oct 11, 2018.
             Succumbed to an adder's poison
             ... on level 2 of the Dungeon.
             The game lasted 00:02:31 (1448 turns).

galech the Shield-Bearer (Demonspawn Fighter)       Turns: 1448, Time: 00:02:32

Health: 0/29       AC:  9    Str: 16    XL:     3   Next: 82%
Magic:  3/3        EV:  7    Int:  9    God:
Gold:   90         SH:  9    Dex: 13    Spells: 2/2 levels left

rFire    . . .     SeeInvis .   t - -2 dagger (curse)
rCold    . . .     Gourm    .   c - +0 shield
rNeg     . . .     Faith    .   b - +0 scale mail
rPois    .         Spirit   .   (helmet restricted)
rElec    .         Reflect  .   k - +0 cloak
rCorr    .         Harm     .   q - +0 pair of gloves
MR       .....                  (no boots)
Stlth    +.........             (no amulet)
HPRegen  0.09/turn              (no ring)
MPRegen  0.08/turn              (no ring)

@: lethally poisoned (0 -> -7)
A: antennae 1, nightstalker 1
a: no special abilities


You were on level 2 of the Dungeon.
You were not hungry.

You visited 1 branch of the dungeon, and saw 2 of its levels.

You collected 90 gold pieces.

Inventory:

Hand Weapons
 a - a +0 war axe
 r - a +0 short sword
 t - a cursed -2 dagger (weapon)
Armour
 b - a +0 scale mail (worn)
 c - a +0 shield (worn)
 k - a +0 cloak (worn)
 q - a +0 pair of gloves (worn)
Scrolls
 e - 2 scrolls of enchant weapon {unknown}
 h - a scroll of noise {unknown}
 i - a scroll of fear {unknown}
 j - a scroll of teleportation {unknown}
 m - a scroll of random uselessness {unknown}
 n - a scroll of amnesia {unknown}
 p - 2 scrolls of magic mapping {unknown}
 s - a scroll of immolation {unknown}
Potions
 d - a potion of might
 l - a potion of berserk rage {unknown}
 o - 3 potions of curing {unknown}
Comestibles
 f - a ration


   Skills:
 + Level 3.1 Fighting
 + Level 0.6 Short Blades
 + Level 2.1 Axes
 + Level 3.1 Armour
 + Level 0.8 Dodging
 + Level 3.3 Shields


You had 2 spell levels left.
You didn't know any spells.
Your spell library was empty.

Dungeon Overview and Level Annotations

Branches:
Dungeon (2/15)

Altars:

Annotations:
D:2 Robin


Innate Abilities, Weirdness & Mutations

You have a pair of small antennae on your head.
You are slightly more attuned to the shadows.


Message History

* * * LOW HITPOINT WARNING * * *
You closely miss the adder.
The adder is heavily wounded.
* * * LOW HITPOINT WARNING * * *
You feel sick. You block the adder's attack.
The adder bites you but does no damage.
The giant cockroach bites you but does no damage.
You block the adder's attack. The adder bites you.
* * * LOW HITPOINT WARNING * * *
You are more poisoned.
The adder poisons you!
Unknown command.
You barely miss the adder.
The adder is heavily wounded.
The giant cockroach bites you but does no damage.
The adder barely misses you. You block the adder's attack.
Unknown command.
You closely miss the adder.
The adder is heavily wounded.
You die...

##.#### ......#
###.#.# #.# ..#
#...# #.# ..###.
##..# #.# ...$..
#..# #.# ...... #..#
#.# ......
#..#.#####.###S.....
#..#.........@Sb....
##.#######.###s.....
#..........# ......
##.######..# ......
## #.# #..# ......
.# #)# #..# ......
.# #.######..#
####.. .#
#..##.....# .###
##.##.#...#


You could see 2 adders, a giant cockroach and a bat.

Vanquished Creatures
  An ooze (D:2)
  5 dart slugs
  A ball python (D:1)
  2 giant cockroaches (D:1)
  7 goblins
  8 hobgoblins
  2 jackals (D:1)
  A quokka (D:2)
  5 bats (D:1)
  A frilled lizard (D:2)
  5 kobolds
  2 rats (D:1)
40 creatures vanquished.

Notes
Turn   | Place    | Note
-------+----------+-------------------------------------------
     0 | D:1      | galech the Demonspawn Fighter began the quest for the Orb.
     0 | D:1      | Reached XP level 1. HP: 18/18 MP: 1/1
   141 | D:1      | Gained mutation: You are slightly more attuned to the
                  | shadows. [demonic ancestry]
   141 | D:1      | Reached XP level 2. HP: 24/24 MP: 2/2
   802 | D:2      | Gained mutation: You have a pair of small antennae on your
                  | head. [demonic ancestry]
   802 | D:2      | Reached XP level 3. HP: 29/29 MP: 3/3
  1079 | D:2      | Noticed Robin
  1446 | D:2      | HP: 1/29 [adder (1)]
  1448 | D:2      | Succumbed to an adder's poison

Vault maps used:
D:1:      dpeg_arrival_shrine, corexii_leaking_fountain, kennysheep_crisscross
D:2:      lemuel_tele_altar, uniq_robin

Skill      XL: |  1  2 |
---------------+-------+-----
Axes           | 2 |  2.1
Armour         | 3 |  3.1
Shields        | 3 |  3.3
Fighting       | |  3.1
Short Blades   | |  0.6
Dodging        | |  0.8

Action                   || total
-------------------------++-------
Melee: War axe           ||    29
       Dagger            ||   229
       Short sword       ||    23
  Use: Scroll            ||     1
  Eat: Chunk             ||     2
Armor: Scale mail        ||   160
Dodge: Dodged            ||    81
Block: Shield            ||   158

Table legend:
 A = Non-vault XP
 B = Vault XP
 C = Vault XP percentage of total XP
 D = Non-vault monster count
 E = Vault monster count
 F = Vault count percentage of total count
                 A         B        C        D         E       F
            +---------+---------+-------+---------+---------+-------
      Total |      73 |      14 |  16.1 |      33 |       7 |  17.5
            +---------+---------+-------+---------+---------+-------
        D:1 |      39 |       0 |   0.0 |      20 |       0 |   0.0
        D:2 |      34 |      14 |  29.2 |      13 |       7 |  35.0
            +---------+---------+-------+---------+---------+-------
